 Dungeon Crawl Stone Soup version 0.21-a0-434-g806c6c2 (webtiles) character file.

17355 mastercheaf21 the Basher (level 12, -2/110 HPs)
             Began as a Minotaur Berserker on Nov 8, 2017.
             Was the Champion of Trog.
             Killed from afar by a hell hound (12 damage)
             ... with a blast of flame
             ... led by Azrael
             ... on level 12 of the Dungeon.
             The game lasted 01:06:19 (12736 turns).

mastercheaf21 the Basher (Minotaur Berserker)      Turns: 12736, Time: 01:06:23

Health: -2/110     AC: 21    Str: 26    XL:     12   Next: 18%
Magic:  11/11      EV:  7    Int:  4    God:    Trog [******]
Gold:   836        SH: 12    Dex: 14    Spells: 11/11 levels left

rFire    . . .     SeeInvis .   C - +4 flail (drain)
rCold    . . .     Gourm    .   T - +0 shield
rNeg     + . .     Faith    .   F - +1 plate armour
rPois    .         Spirit   .   (helmet restricted)
rElec    +         Reflect  .   (no cloak)
rCorr    .         Harm     .   u - +0 pair of gloves {Dex+3}
MR       ++...                  (no boots)
Stlth    ..........             (no amulet)
HPRegen  1.28/turn              p - ring of positive energy
MPRegen  0.12/turn              W - +1 ring of protection

@: berserk cooldown, very slightly contaminated, regenerating, slowed, very slow
A: retaliatory headbutt, horns 2, talons 1, icy blue scales 1, blink,
electricity resistance, evolution 1
a: Blink, Berserk, Trog's Hand, Brothers in Arms, Burn Spellbooks, Renounce
Religion


You were on level 12 of the Dungeon.
You worshipped Trog.
Trog was exalted by your worship.
You were near starving.

You visited 1 branch of the dungeon, and saw 12 of its levels.

You collected 836 gold pieces.

Inventory:

Hand Weapons
 x - a +3 whip
 C - a +4 flail of draining (weapon)
 E - a +0 scythe of venom
 H - a +2 trident of freezing
Missiles
 a - 5 exploding tomahawks
 r - 4 poisoned javelins (quivered)
Armour
 u - a +0 pair of gloves of dexterity (worn)
 F - a +1 plate armour (worn)
 T - a +0 shield (worn)
Jewellery
 j - an uncursed ring of see invisible
 m - an uncursed amulet of guardian spirit
 p - a ring of positive energy (left hand)
 t - an uncursed ring of protection from magic
 J - an uncursed ring of fire
 W - a +1 ring of protection (right hand)
Wands
 c - a wand of polymorph (10/24)
 l - a wand of iceblast (15/15)
 v - a wand of lightning (3/15)
 G - a wand of confusion (18/48)
 O - a wand of flame (27/48)
 Z - a wand of acid (7/15)
Scrolls
 d - 7 scrolls of remove curse
 i - 13 scrolls of identify
 k - a scroll of blinking
 q - a scroll of fog {unknown}
 s - 4 scrolls of teleportation {unknown}
 D - a scroll of recharging
 Q - 2 scrolls of fear
 V - a scroll of summoning {unknown}
 X - a scroll of enchant weapon {unknown}
Potions
 e - 3 potions of flight
 f - a potion of invisibility
 g - 3 potions of heal wounds
 h - a potion of cancellation
 n - a potion of might
 w - a potion of brilliance
 z - a potion of agility
 I - a potion of haste
 S - 4 potions of curing
Books
 y - a book of Battle

   Spells                             Type                      Level
   a - Infusion                       Charms                       1
   b - Shroud of Golubria             Charms/Translocation         2
   c - Song of Slaying                Charms                       2
   d - Spectral Weapon                Hexes/Charms                 3
   e - Regeneration                   Charms/Necromancy            3
   Trog disapproves of the use of such an item.
 K - a book of Misfortune

   Spells                             Type                      Level
   a - Confusing Touch                Hexes                        1
   b - Confuse                        Hexes                        3
   c - Gell's Gravitas                Translocation                3
   d - Petrify                        Transmutation/Earth          4
   e - Metabolic Englaciation         Hexes/Ice                    5
   f - Yara's Violent Unravelling     Hexes/Transmutation          5
   Trog disapproves of the use of such an item.
 M - a book of Battle

   Spells                             Type                      Level
   a - Infusion                       Charms                       1
   b - Shroud of Golubria             Charms/Translocation         2
   c - Song of Slaying                Charms                       2
   d - Spectral Weapon                Hexes/Charms                 3
   e - Regeneration                   Charms/Necromancy            3
   Trog disapproves of the use of such an item.
 U - a book of Air

   Spells                             Type                      Level
   a - Shock                          Conjuration/Air              1
   b - Swiftness                      Charms/Air                   2
   c - Static Discharge               Conjuration/Air              3
   d - Airstrike                      Air                          4
   e - Lightning Bolt                 Conjuration/Air              5
   Trog disapproves of the use of such an item.
 Y - a book of Minor Magic

   Spells                             Type                      Level
   a - Magic Dart                     Conjuration                  1
   b - Blink                          Translocation                2
   c - Call Imp                       Summoning                    2
   d - Slow                           Hexes                        2
   e - Conjure Flame                  Conjuration/Fire             3
   f - Mephitic Cloud                 Conjuration/Poison/Air       3
   Trog disapproves of the use of such an item.
Miscellaneous
 o - a box of beasts
Comestibles
 b - 4 bread rations
 B - 15 fruits
 N - 11 royal jellies
 R - 3 meat rations


   Skills:
 - Level 11.1 Fighting
 - Level 14.3 Maces & Flails
 - Level 13.2 Armour
 - Level 2.1 Dodging
 - Level 0.5 Stealth
 * Level 8.7 Shields


You had 11 spell levels left.
You didn't know any spells.

Dungeon Overview and Level Annotations

Branches:
Dungeon (12/15)            Temple (0/1) D:5            Lair (0/6) D:8
    Orc (0/2) D:10

Altars:
Cheibriados
Dithmenos
Elyvilon
Fedhas
Hepliaklqana
Kikubaaqudgha
Makhleb
Ru
Sif Muna
Uskayaw
Xom
Yredelemnul
The Shining One

Annotations:
D:12 Azrael


Innate Abilities, Weirdness & Mutations

You reflexively headbutt those who attack you in melee.
You have a pair of horns on your head.
You have sharp toenails.
You are partially covered in icy blue scales. (AC +2)
You can translocate small distances at will.
You are resistant to electric shocks. (rElec)
You evolve.


Message History

You block the fire elemental's attack. The fire elemental closely misses you.
Okay, then.
Unknown command.
Your plate armour prevents you from hitting the fire elemental.
You claw the fire elemental, but do no damage.
Your headbutt misses the fire elemental.
The fire elemental is almost destroyed.
You block the fire elemental's attack. The fire elemental barely misses you.
You bludgeon the fire elemental!!
You destroy the fire elemental!
Trog accepts your kill. The hell hound breathes flames at you.
The blast of flame hits you!
Your skin crawls.
You feel resistant to hostile enchantments.
You feel quite a bit more hungry. The hell hound breathes flames at you.
The blast of flame hits the hell hound.
The hell hound completely resists.
The blast of flame hits you!
You die...

#.###.#.### #......# ...
#.....###......#
..######...#.....##
.........#...#..###
..######...........
#..#)....### ##.......... .
#########...###..## ...
#.@...........##...
....§######h#########.#.###..
.....Rhh§Rhh# ###.#.#...#
.....######## ####..(....#..
... #....#.#...... .
#.####......(. ### ######...
##.. #..


You could see Azrael and 3 hell hounds.

Vanquished Creatures
  A yaktaur captain (D:10)
  A hydra (D:12)
  A centaur warrior (D:12)
  4 two-headed ogres
  Urug (D:12)
  An unseen horror (D:10)
  Pikel (D:5)
  2 cyclopes (D:11)
  Psyche (D:8)
  2 trolls (D:12)
  Grinder (D:3)
  2 hornets (D:12)
  A hippogriff (D:8)
  A shadow (D:11)
  Sigmund (D:6)
  3 yaks (D:10)
  A wyvern (D:8)
  A human (D:10)
  2 fire elementals (D:12)
  Grum (D:8)
  Menkaure (D:5)
  Edmund (D:5)
  A soldier ant (D:12)
  3 water moccasins
  Duvessa (D:5)
  3 hell hounds (D:12)
  An ice beast (D:11)
  A porcupine (D:8)
  6 orc warriors
  4 black bears
  3 phantoms
  5 sky beasts
  3 wolves (D:8)
  4 ogres
  2 necrophages
  5 centaurs
  A crocodile (D:11)
  A big kobold (D:10)
  Blork the orc (D:4)
  11 bullfrogs
  Dowan (D:5)
  A wyvern zombie (D:12)
  2 scorpions
  A water moccasin skeleton (D:8)
  3 vampire bats (D:8)
  A howler monkey (D:4)
  A crimson imp (D:9)
  2 bullfrog zombies (D:5)
  8 jellies
  10 hounds
  10 orc wizards
  4 centaur skeletons
  8 orc priests
  4 iguanas
  7 worker ants
  A killer bee zombie (D:10)
  4 hound skeletons
  A mummy (D:7)
  3 gnolls (D:8)
  13 adders
  5 shadow imps
  6 oozes
  An adder skeleton (D:4)
  4 worms
  2 dart slugs
  5 leopard geckos
  41 orcs
  2 bat skeletons (D:8)
  4 bat zombies (D:8)
  6 giant cockroaches
  5 goblins
  8 hobgoblins
  6 jackals
  9 kobolds
  9 quokkas
  A ball python (D:1)
  6 bats
  5 frilled lizards
  A leopard gecko skeleton (D:4)
  A quokka zombie (D:8)
  7 rats
  A fungus (D:8)
307 creatures vanquished.

Vanquished Creatures (others)
  2 adders (D:5)
  A giant cockroach (D:5)
  A kobold (D:3)
  A frilled lizard (D:5)
5 creatures vanquished.

Grand Total: 312 creatures vanquished

Notes
Turn   | Place    | Note
-------+----------+-------------------------------------------
     0 | D:1      | mastercheaf21 the Minotaur Berserker began the quest for the Orb.
     0 | D:1      | Reached XP level 1. HP: 19/19 MP: 0/0
   143 | D:1      | Reached skill level 4 in Maces & Flails
   331 | D:1      | Reached XP level 2. HP: 26/26 MP: 1/1
   529 | D:2      | Reached skill level 5 in Maces & Flails
   766 | D:2      | Reached XP level 3. HP: 26/31 MP: 2/2
   797 | D:2      | Found a hazy altar of Hepliaklqana.
  1084 | D:2      | Found a shimmering altar of Xom.
  1084 | D:2      | Found a basalt altar of Yredelemnul.
  1298 | D:2      | Reached ** piety under Trog
  1407 | D:2      | Found a deep blue altar of Sif Muna.
  1442 | D:2      | Found a burning altar of Makhleb.
  1467 | D:2      | Reached XP level 4. HP: 28/39 MP: 3/3
  1517 | D:2      | Reached skill level 6 in Maces & Flails
  2113 | D:3      | Reached XP level 5. HP: 39/45 MP: 4/4
  2191 | D:3      | Noticed Grinder
  2195 | D:3      | Reached skill level 7 in Maces & Flails
  2200 | D:3      | Killed Grinder
  2200 | D:3      | Reached skill level 8 in Maces & Flails
  2200 | D:3      | Reached XP level 6. HP: 51/51 MP: 5/5
  2308 | D:3      | Found a white marble altar of Elyvilon.
  2896 | D:4      | Reached skill level 9 in Maces & Flails
  2900 | D:4      | Reached *** piety under Trog
  2934 | D:4      | Found a glowing golden altar of the Shining One.
  3109 | D:4      | Noticed Blork the orc
  3118 | D:4      | Killed Blork the orc
  3118 | D:4      | Reached XP level 7. HP: 50/57 MP: 6/6
  3664 | D:5      | Entered Level 5 of the Dungeon
  3679 | D:5      | Reached skill level 10 in Maces & Flails
  3854 | D:5      | Reached skill level 11 in Maces & Flails
  3870 | D:5      | Noticed Duvessa
  3870 | D:5      | Noticed Dowan
  3879 | D:5      | Killed Duvessa
  3879 | D:5      | Reached XP level 8. HP: 64/64 MP: 7/7
  3890 | D:5      | Killed Dowan
  4193 | D:5      | Reached skill level 12 in Maces & Flails
  4507 | D:5      | Noticed Pikel
  4519 | D:5      | Killed Pikel
  4519 | D:5      | Reached skill level 13 in Maces & Flails
  4599 | D:5      | Noticed Edmund
  4610 | D:5      | Killed Edmund
  4790 | D:5      | Noticed Menkaure
  4799 | D:5      | Killed Menkaure
  4799 | D:5      | Reached XP level 9. HP: 24/70 MP: 8/8
  5127 | D:5      | Found a staircase to the Ecumenical Temple.
  5233 | D:5      | Reached skill level 14 in Maces & Flails
  5728 | D:6      | Found a hide-covered altar of Uskayaw.
  5731 | D:6      | Found a shimmering altar of Xom.
  5776 | D:6      | Reached **** piety under Trog
  5798 | D:6      | Found a sacrificial altar of Ru.
  6060 | D:6      | Noticed Sigmund
  6079 | D:6      | Killed Sigmund
  6411 | D:6      | Found a blossoming altar of Fedhas.
  6482 | D:7      | Reached skill level 5 in Fighting
  6628 | D:7      | Reached skill level 5 in Armour
  6656 | D:7      | Found a snail-covered altar of Cheibriados.
  6773 | D:7      | Found a flagged portal.
  6860 | D:7      | Reached ***** piety under Trog
  7249 | D:7      | Gained mutation: You have sharp toenails. [potion of mutation]
  7249 | D:7      | Gained mutation: You are partially covered in icy blue scales. (AC +2) [potion of mutation]
  7249 | D:7      | Gained mutation: You are robust. (+10% HP) [potion of mutation]
  7319 | D:8      | Noticed a two-headed ogre
  7339 | D:8      | Killed a two-headed ogre
  7339 | D:8      | Reached XP level 10. HP: 39/94 MP: 9/9
  7743 | D:8      | Noticed Psyche
  7757 | D:8      | Killed Psyche
  7843 | D:8      | Noticed Grum
  7852 | D:8      | Killed Grum
  7922 | D:8      | Found a staircase to the Lair.
  8303 | D:8      | Found an ancient bone altar of Kikubaaqudgha.
  8773 | D:9      | Gained mutation: You can translocate small distances at will. [mutagenic meat]
  8775 | D:9      | Gained mutation: You evolve. [mutagenic meat]
  8778 | D:9      | Gained mutation: Armour fits poorly on your strangely shaped body. [mutagenic meat]
  8781 | D:9      | Gained mutation: You are resistant to electric shocks. (rElec) [mutagenic meat]
  8782 | D:9      | Lost mutation: You are robust. (+10% HP) [mutagenic meat]
  9099 | D:9      | Found a shadowy altar of Dithmenos.
  9104 | D:9      | Reached skill level 10 in Fighting
  9214 | D:9      | Noticed a two-headed ogre
  9220 | D:9      | Killed a two-headed ogre
  9220 | D:9      | Reached skill level 10 in Armour
  9542 | D:9      | Lost mutation: Armour fits poorly on your strangely shaped body. [evolution]
  9685 | D:10     | Entered Level 10 of the Dungeon
  9730 | D:10     | Reached XP level 11. HP: 50/101 MP: 10/10
  9760 | D:10     | Killed an unseen horror
 10199 | D:10     | Found a staircase to the Orcish Mines.
 10351 | D:10     | Reached skill level 1 in Shields
 10592 | D:10     | Noticed a yaktaur captain
 10599 | D:10     | Killed a yaktaur captain
 11379 | D:11     | Noticed a two-headed ogre
 11388 | D:11     | Killed a two-headed ogre
 11799 | D:12     | Reached ****** piety under Trog
 11871 | D:12     | Reached skill level 5 in Shields
 12118 | D:12     | Noticed a centaur warrior
 12129 | D:12     | Killed a centaur warrior
 12173 | D:12     | Noticed a six-headed hydra
 12180 | D:12     | Killed a six-headed hydra
 12302 | D:12     | Noticed Urug
 12310 | D:12     | Noticed a two-headed ogre
 12322 | D:12     | Killed Urug
 12322 | D:12     | Reached XP level 12. HP: 58/110 MP: 11/11
 12327 | D:12     | Killed a two-headed ogre
 12711 | D:12     | Noticed Azrael
 12716 | D:12     | Received a gift from Trog
 12736 | D:12     | Killed from afar by a hell hound

Vault maps used:
D:1:      roderic_octagonal_star
D:2:      lemuel_round_altar, makhleb_blood_cavern_becter, lemuel_crystal_altar,
          gammafunk_temple_overflow_statue
D:3:      elyvilon_altar_4, columned_hall_lemuel, uniq_grinder
D:4:      tso_metal_star, serial_glass, glass_columns_b, glass_columns_a,
          uniq_blork_the_orc
D:5:      minmay_temple_entry_hall, first_bread, guppyfry_early_orc_mine,
          uniq_pikel, uniq_duvessa, uniq_edmund, uniq_menkaure
D:6:      kennysheep_mini, eat_drink_and_be_merry_uskayaw,
          nicolae_ru_awakened_eye, nicolae_overflow_hidden_temple, basic_altar,
          uniq_sigmund
D:7:      slow_altar_1, enter_bailey_8
D:8:      kennysheep_vampire_church, grunt_lair_entry_orc_guard_hut, uniq_grum,
          uniq_psyche
D:9:      nicolae_dithmenos_through_a_glass_darkly
D:10:     erik_orc_4, hangedman_little_slice_of_home, kennysheep_just_a_vault
D:12:     uniq_urug, uniq_azrael

Skill      XL: |  1  2  3  4  5  6  7  8  9 10 11 12 |
---------------+-------------------------------------+-----
Maces & Flails | 4 5 6 8 9 11 13 14 | 14.3
Fighting       | 7 10 11 | 11.1
Armour         | 7 10 13 | 13.2
Shields        | 7 8 |  8.7
Dodging        | |  2.1
Stealth        | |  0.5

Action                   |  1- 3 |  4- 6 |  7- 9 | 10-12 || total
-------------------------+-------+-------+-------+-------++-------
Melee: Mace              |    72 |    76 |     3 |       ||   151
       Headbutt          |     8 |    15 |    40 |    80 ||   143
       Flail             |       |       |   228 |   382 ||   610
       Unarmed           |       |       |     2 |       ||     2
       Kick              |       |       |     3 |   124 ||   127
       Trident           |       |       |       |     1 ||     1
Invok: Berserk           |     1 |     1 |     3 |     3 ||     8
       Trog's Hand       |       |       |       |     1 ||     1
  Use: Potion            |       |       |    10 |     3 ||    13
       Scroll            |       |       |     7 |     7 ||    14
  Eat: Chunk             |     3 |     3 |    14 |    23 ||    43
       Bread ration      |       |     1 |       |       ||     1
       Royal jelly       |       |       |       |     1 ||     1
Armor: Animal skin       |    10 |       |       |       ||    10
       Leather armour    |     5 |    18 |       |       ||    23
       Chain mail        |       |     3 |    55 |       ||    58
       Plate armour      |       |       |    62 |   286 ||   348
Dodge: Dodged            |    56 |    68 |    80 |   109 ||   313
Block: Shield            |       |       |       |   101 ||   101

Table legend:
 A = Spawn XP
 B = Non-spawn XP
 C = Spawn XP percentage of total XP
 D = Spawn monster count
 E = Non-spawn monster count
 F = Spawn count percentage of total count
 G = Total turns spent on level
                    A         B        C        D         E        F      G
               +---------+---------+-------+---------+---------+-------+---------
         Total |       0 |   24794 |   0.0 |       0 |     307 |   0.0 | 12736
               +---------+---------+-------+---------+---------+-------+---------
           D:1 |       0 |      14 |   0.0 |       0 |       8 |   0.0 |   496
           D:2 |       0 |     150 |   0.0 |       0 |      27 |   0.0 |  1340
           D:3 |       0 |     336 |   0.0 |       0 |      20 |   0.0 |   855
           D:4 |       0 |     372 |   0.0 |       0 |      19 |   0.0 |   973
           D:5 |       0 |    2281 |   0.0 |       0 |      30 |   0.0 |  2056
           D:6 |       0 |     769 |   0.0 |       0 |      15 |   0.0 |   754
           D:7 |       0 |     752 |   0.0 |       0 |      33 |   0.0 |   840
           D:8 |       0 |    4373 |   0.0 |       0 |      49 |   0.0 |  1432
           D:9 |       0 |    1804 |   0.0 |       0 |      16 |   0.0 |   939
          D:10 |       0 |    3906 |   0.0 |       0 |      44 |   0.0 |  1406
          D:11 |       0 |    3211 |   0.0 |       0 |      18 |   0.0 |   618
          D:12 |       0 |    6826 |   0.0 |       0 |      28 |   0.0 |  1027
               +---------+---------+-------+---------+---------+-------+---------
